 Dungeon Crawl Stone Soup version 0.28.0 (webtiles) character file.

Game seed: 8384630661299992335

187 AmazingTV the Chopper (level 5, -4/47 HPs)
             Began as a Minotaur Fighter on June 20, 2022.
             Was an Initiate of Elyvilon.
             Slain by a wyvern skeleton (12 damage)
             ... on level 4 of the Dungeon.
             The game lasted 00:21:30 (2774 turns).

AmazingTV the Chopper (Minotaur Fighter)            Turns: 2774, Time: 00:21:33

Health: -4/47      AC:  8    Str: 20    XL:     5   Next: 39%
Magic:  4/4        EV:  9    Int:  5    God:    Elyvilon [......]
Gold:   108        SH:  5    Dex: 12    Spells: 4/4 levels left

rFire   . . .      SeeInvis .   a - +0 war axe
rCold   . . .      Faith    .   c - +0 buckler
rNeg    . . .      Spirit   .   b - +0 scale mail
rPois   .          Reflect  .   (helmet restricted)
rElec   .          Harm     .   r - +0 cloak
rCorr   .          Rampage  .   (no gloves)
Will    .....                   (no boots)
Stlth   ..........              (no amulet)
HPRegen 0.15/turn               (no ring)
MPRegen 0.09/turn               (no ring)

@: mighty
A: horns 2, retaliatory headbutt
a: Renounce Religion


You were on level 4 of the Dungeon.
You worshipped Elyvilon.
Elyvilon was noncommittal.
You visited 1 branch of the dungeon, and saw 4 of its levels.

You collected 108 gold pieces.

Inventory:

Hand Weapons
 a - a +0 war axe (weapon)
 f - a +0 dagger
 s - a +0 mace
Missiles
 h - 16 bolts
Armour
 b - a +0 scale mail (worn)
 c - a +0 buckler (worn)
 i - a +0 plate armour
 r - a +0 cloak (worn)
Scrolls
 g - a scroll of enchant armour {unknown}
 j - a scroll of teleportation {unknown}
 k - a scroll of fog {unknown}
 l - a scroll of blinking {unknown}
 n - a scroll of identify {unknown}
 o - a scroll of vulnerability {unknown}
 p - a scroll of magic mapping {unknown}
 q - a scroll of enchant weapon {unknown}
Potions
 e - 6 potions of curing {unknown}
 m - a potion of lignification {unknown}
 t - a potion of attraction {unknown}


   Skills:
 + Level 4.5 Fighting
 + Level 5.0 Axes
 + Level 4.2 Armour
 * Level 1.0 Dodging
 * Level 4.2 Shields
 * Level 0.6 Invocations


You had 4 spell levels left.
You didn't know any spells.
Your spell library contained the following spells:

 Spells                   Type           Power      Damage    Failure   Level
 Dazzling Flash           Conj/Hex       0%         N/A       99%         3
 Iskenderun's Mystic Bla  Conj/Tloc      0%         2d3       100%        4
 Starburst                Conj/Fire      0%         6d3       100%        6


Dungeon Overview and Level Annotations

Branches:
Dungeon (4/15)
 Temple: D:4-7

Altars:
Elyvilon
Hepliaklqana

Shops:
D:2 *


Innate Abilities, Weirdness & Mutations

You have a pair of horns on your head.
You reflexively headbutt those who attack you in melee.


Message History

You block the bat's attack. You block the bat's attack.
The bat closely misses you. The bat closely misses you.
A frilled lizard comes into view.
The frilled lizard hisses angrily.
The bat hits you but does no damage. The bat barely misses you.
You furiously retaliate!
You headbutt the bat!
You kill the bat!
The frilled lizard closely misses you.
You slash the frilled lizard!
You kill the frilled lizard!
Done exploring.
Done exploring.
There are no items here.
You see here a bat corpse.
There is an open door here.
You see here a +0 scale mail.
There is an open door here.
There is a stone staircase leading down here.
You climb downwards.
The hound barks!
You hear a shout!
You hear a bark!
Found 4 gold pieces, a potion of might, a pink potion and a forked lead wand.
There is a stone staircase leading up here.
A hound skeleton comes into view.
Found 25 sling bullets.
A hound comes into view.
The wyvern skeleton bites you.
You slash the wyvern skeleton!
Your headbutt misses the wyvern skeleton.
The wyvern skeleton is moderately damaged.
The wyvern skeleton bites you! The wyvern skeleton bites you.
The wyvern skeleton bites you! The hound bites you.
You feel very mighty all of a sudden. The wyvern skeleton bites you!
* * * LOW HITPOINT WARNING * * *
An adder skeleton comes into view.
The hound barely misses you. The wyvern skeleton bites you!
You die...

...............
.........(......
................
................
................
................
.......$........
.Z......Z.......
.......h@.......
......Z.h.......
................
................
.!..............
..............!.
................
......../.......
...............


You could see 2 hounds, an adder skeleton (wandering), a hound skeleton and a
wyvern skeleton.

Vanquished Creatures
  An orc priest (D:3)
  Jessica (D:2)
  2 adders (D:3)
  A worm (D:2)
  3 dart slugs
  9 orcs (D:3)
  5 bats
  7 endoplasms
  4 giant cockroaches (D:1)
  9 goblins
  6 hobgoblins
  7 jackals
  3 quokkas
  9 ball pythons
  8 frilled lizards
  10 kobolds
  5 rats
90 creatures vanquished.

Notes
Turn   | Place    | Note
-------+----------+-------------------------------------------
     0 | D:1      | AmazingTV the Minotaur Fighter began the quest for the Orb.
     0 | D:1      | Reached XP level 1. HP: 19/19 MP: 0/0
    37 | D:1      | Reached XP level 2. HP: 27/27 MP: 1/1
   171 | D:1      | Reached skill level 3 in Axes
   613 | D:1      | Reached XP level 3. HP: 33/33 MP: 2/2
  1038 | D:2      | Found a hazy altar of Hepliaklqana.
  1047 | D:2      | Noticed Jessica
  1060 | D:2      | Killed Jessica
  1061 | D:2      | Reached skill level 4 in Axes
  1061 | D:2      | Reached XP level 4. HP: 35/40 MP: 3/3
  1391 | D:2      | Found Dimal's General Store.
  1749 | D:3      | Found a white marble altar of Elyvilon.
  1762 | D:3      | Became a worshipper of Elyvilon the Healer
  2177 | D:3      | Found a faded altar of an unknown god.
  2272 | D:3      | Reached XP level 5. HP: 35/47 MP: 4/4
  2401 | D:3      | Reached skill level 1 in Dodging
  2420 | D:3      | Reached skill level 5 in Axes
  2774 | D:4      | Slain by a wyvern skeleton

Illustrated notes

Levels and vault maps discovered:
D:1:      dpeg_arrival_arbitrary_a, layout_basic, minmay_tromino_i2
D:2:      layout_basic, serial_shops, shop, basic_altar, uniq_jessica
D:3:      layout_basic, elyvilon_altar_1, chequers_ecumenical_altar_island,
          serial_curves, eino_curves_04, eino_curves_01, minmay_cut_off
D:4:      layout_basic, serial_shops, nicolae_shop_advertising_works
          [nicolae_subvault_shop_adworks], uniq_blork_the_orc

Skill      XL: |  1  2  3  4  5 |
---------------+----------------+-----
Axes           | 3 4 5 |  5.0
Armour         | 4 |  4.2
Fighting       | 4 |  4.5
Shields        | 4 |  4.2
Dodging        | 1 |  1.0
Invocations    | |  0.6

Action                   |  1- 3 |  4- 6 || total
-------------------------+-------+-------++-------
Melee: War axe           |    96 |    68 ||   164
       Headbutt          |    18 |    14 ||    32
  Use: Potion            |       |     1 ||     1
Armor: Scale mail        |    43 |    25 ||    68
Dodge: Dodged            |    41 |    31 ||    72
Block: Buckler           |    22 |    18 ||    40
